 Dungeon Crawl Stone Soup version 0.29-a0-323-g050149af67 (webtiles) character file.

Game seed: 18062703682450051990

2290 Jortsu the Ruffian (level 9, -2/84 HPs)
             Began as a Troll Hunter on Apr 11, 2022.
             Was an Elder of Trog.
             Slain by a steam dragon (7 damage)
             ... on level 8 of the Dungeon.
             The game lasted 00:11:46 (5583 turns).

Jortsu the Ruffian (Troll Hunter)                   Turns: 5583, Time: 00:11:46

Health: -2/84      AC:  5    Str: 23    XL:     9   Next: 17%
Magic:  8/8        EV: 12    Int:  5    God:    Trog [****..]
Gold:   481        SH:  5    Dex: 21    Spells: 8/8 levels left

rFire   . . .      SeeInvis .   A - +0 giant spiked club
rCold   . . .      Faith    .   (shield currently unavailable)
rNeg    . . .      Spirit   .   b - +1 robe
rPois   .          Reflect  +   (helmet restricted)
rElec   .          Harm     .   (no cloak)
rCorr   +          Rampage  .   (gloves unavailable)
Will    .....                   (boots unavailable)
Stlth   ++........              D - amulet of reflection
HPRegen 1.04/turn               m - +6 ring of dexterity
MPRegen 0.11/turn               y - ring of resist corrosion

@: no status effects
A: large, unfitting armour, claws 3, regeneration 1, shaggy fur 1, tough skin 1
a: Renounce Religion, Berserk, Trog's Hand, Brothers in Arms


You were on level 8 of the Dungeon.
You worshipped Trog.
Trog was greatly pleased with you.
You visited 1 branch of the dungeon, and saw 8 of its levels.
You also visited: Ossuary.

You collected 516 gold pieces.
You spent 35 gold pieces at shops.

Inventory:

Hand Weapons
 a - a +1 hunting sling of flaming
 A - a +0 giant spiked club (weapon)
Missiles
 d - 8 large rocks (quivered)
Armour
 b - a +1 robe (worn)
Jewellery
 m - a +6 ring of dexterity (left claw)
 y - a ring of resist corrosion (right claw)
 B - a ring of positive energy
 D - an amulet of reflection (around neck)
Wands
 u - a wand of iceblast (15)
Scrolls
 c - 4 scrolls of immolation
 j - 2 scrolls of teleportation
 q - 4 scrolls of fog
 t - a scroll of enchant armour
 w - 3 scrolls of magic mapping
 x - a scroll of blinking
 z - 2 scrolls of silence
Potions
 e - a potion of ambrosia
 f - 6 potions of attraction
 g - 2 potions of lignification
 h - 6 potions of haste
 i - 2 potions of might
 k - a potion of berserk rage
 l - 2 potions of magic {unknown}
 n - a potion of cancellation {unknown}
 o - 4 potions of curing
 p - a potion of mutation {unknown}
 r - 4 potions of heal wounds
 s - a potion of flight
 v - 4 potions of brilliance


   Skills:
 + Level 3.8 Fighting
 + Level 5.3 Maces & Flails
 + Level 3.3 Slings
 + Level 4.6 Dodging
 + Level 2.1 Stealth
 + Level 0.7 Shields
 + Level 6.4 Unarmed Combat


You had 8 spell levels left.
You didn't know any spells.
Your spell library was empty.

Dungeon Overview and Level Annotations

Branches:
Dungeon (8/15)             Temple (0/1) D:4         Ossuary (visited)
   Lair: D:8-11

Altars:
Cheibriados
Dithmenos
Elyvilon
Fedhas
Hepliaklqana
Trog
Vehumet
Wu Jian
Xom
Zin

Shops:
D:1 *   D:4 *((((


Innate Abilities, Weirdness & Mutations

You are too large for most types of armour.
You have claws for hands.
Your natural rate of healing is unusually fast.
You are covered in fur. (AC +1)
You have tough skin. (AC +1)


Message History

You closely miss the steam dragon.
The steam dragon is moderately wounded.
The steam dragon barely misses you. The steam dragon claws you.
You closely miss the steam dragon.
The steam dragon is moderately wounded.
The steam dragon breathes steam at you. The ball of steam hits you!
The steam dragon bites you. The steam dragon misses you.
You hear an angry hiss.
You hear a shout! x2
You closely miss the steam dragon.
The steam dragon is moderately wounded.
You are engulfed in a cloud of scalding steam.
The steam dragon barely misses you. x2
You barely miss the steam dragon.
The steam dragon is moderately wounded.
You block the steam dragon's attack. The steam dragon claws you.
The steam dragon bites you. The steam dragon barely misses you.
You barely miss the steam dragon.
The steam dragon is moderately wounded.
The steam dragon breathes steam at you. The ball of steam misses you.
You closely miss the steam dragon.
The steam dragon is moderately wounded.
You are engulfed in a cloud of scalding steam.
The steam dragon bites you. The steam dragon misses you.
The steam dragon bites you but does no damage.
The steam dragon closely misses you.
You completely miss the steam dragon.
The steam dragon is moderately wounded.
You are engulfed in a cloud of scalding steam.
The steam dragon closely misses you. The steam dragon claws you.
You barely miss the steam dragon.
The steam dragon is moderately wounded.
You are engulfed in a cloud of scalding steam.
* * * LOW HITPOINT WARNING * * *
The steam dragon breathes steam at you. The ball of steam hits you!
* * * LOW HITPOINT WARNING * * *
The steam dragon bites you!
You die...

#.....###
##.......####
............
#.........#
.........#
#.......#
#...D..##
##...@...#
#....§...#
#......§§..#
..........<#
.....#...#.#
.....###.#..
.... #....#
.... #...##
....#


You could see a steam dragon (catching breath).

Vanquished Creatures
  Grinder (D:3)
  2 water moccasins (D:7)
  An ice beast (D:7)
  2 black bears
  3 ogres
  A phantom (D:5)
  A kobold brigand (D:7)
  5 bullfrogs
  3 water moccasin zombies (Ossuary)
  A scorpion (D:5)
  3 wights (D:7)
  3 jellies
  A hound (D:6)
  4 iguanas
  Ijyb (D:5)
  An orc wizard (D:7)
  2 mummies (Ossuary)
  4 gnolls
  6 adders
  A river rat (D:4)
  2 white imps
  An adder zombie (Ossuary)
  A worm (D:4)
  8 orcs
  4 ball pythons
  4 bats
  7 endoplasms
  5 giant cockroaches
  4 gnoll zombies (Ossuary)
  6 goblins
  9 hobgoblins
  13 kobolds
  3 quokkas
  A frilled lizard (D:1)
  4 hobgoblin zombies (Ossuary)
  5 kobold zombies (Ossuary)
  2 orc zombies (Ossuary)
  8 rats
133 creatures vanquished.

Vanquished Creatures (others)
  A plant (D:4)
1 creature vanquished.

Grand Total: 134 creatures vanquished

Notes
Turn   | Place    | Note
-------+----------+-------------------------------------------
     0 | D:1      | Jortsu the Troll Hunter began the quest for the Orb.
     0 | D:1      | Reached XP level 1. HP: 19/19 MP: 0/0
    43 | D:1      | Reached XP level 2. HP: 23/27 MP: 1/1
    93 | D:1      | Found Taodom's General Store.
   213 | D:1      | Found a faded altar of an unknown god.
   220 | D:1      | Prayed at the altar of an unknown god.
   220 | D:1      | Became a worshipper of Trog the Wrathful
   220 | D:1      | Reached * piety under Trog
   608 | D:1      | Bought 5 large rocks for 35 gold pieces
   629 | D:2      | Reached XP level 3. HP: 23/33 MP: 2/2
   685 | D:2      | Reached skill level 1 in Unarmed Combat
  1131 | D:3      | Reached ** piety under Trog
  1180 | D:3      | Noticed Grinder
  1192 | D:3      | Killed Grinder
  1193 | D:3      | Reached skill level 3 in Unarmed Combat
  1193 | D:3      | Reached XP level 4. HP: 27/42 MP: 3/3
  1193 | D:3      | Reached XP level 5. HP: 31/49 MP: 4/4
  1250 | D:3      | Reached XP level 6. HP: 57/57 MP: 5/5
  1490 | D:3      | Found a hazy altar of Hepliaklqana.
  1491 | D:3      | Found a shimmering altar of Xom.
  1492 | D:3      | Noticed a spectral ugly thing
  1668 | D:3      | Found an ornate altar of the Wu Jian Council.
  1836 | D:4      | Found Lowi's Antique Weapon Shop.
  1847 | D:4      | Reached skill level 1 in Stealth
  1947 | D:4      | Found Berchider's Weapon Emporium.
  1954 | D:4      | Reached skill level 4 in Unarmed Combat
  1965 | D:4      | Found Mipriti's Weapon Shop.
  1971 | D:4      | Found Noklu's Weapon Shop.
  1987 | D:4      | Found a staircase to the Ecumenical Temple.
  2144 | D:4      | Reached XP level 7. HP: 63/65 MP: 6/6
  2261 | D:4      | Found Asess's General Store.
  2574 | D:4      | Reached skill level 5 in Unarmed Combat
  2712 | D:5      | Entered Level 5 of the Dungeon
  2960 | D:5      | Noticed Ijyb
  2971 | D:5      | Killed Ijyb
  3041 | D:5      | Found a glowing silver altar of Zin.
  3111 | D:5      | Reached skill level 6 in Unarmed Combat
  3169 | D:5      | Reached XP level 8. HP: 50/74 MP: 7/7
  3768 | D:6      | Reached skill level 1 in Maces & Flails
  3788 | D:6      | Found a radiant altar of Vehumet.
  3788 | D:6      | Found a snail-covered altar of Cheibriados.
  3827 | D:6      | Reached *** piety under Trog
  4093 | D:6      | Found a shadowy altar of Dithmenos.
  4423 | D:7      | Found a white marble altar of Elyvilon.
  4425 | D:7      | Found a blossoming altar of Fedhas.
  4593 | D:7      | Found a sand-covered staircase.
  4598 | Ossuary  | Entered an ossuary
  4784 | D:7      | Reached XP level 9. HP: 65/83 MP: 8/8
  5145 | D:7      | Reached skill level 5 in Maces & Flails
  5157 | D:7      | Reached **** piety under Trog
  5583 | D:8      | Slain by a steam dragon

Illustrated notes

Levels and vault maps discovered:
D:1:      lightli_arrival_maybe_door_vault, layout_rooms, serial_shops, shop,
          shapermc_ecumenical_altar_mp_highgroup, hex_intersection,
          minmay_misc_feat_encased, dk_noncrumbling_4
D:2:      layout_rooms
D:3:      layout_loops_ring, regret_index_temple_of_mockery,
          pdpol_wu_jian_five_deadly_venoms, uniq_grinder
D:4:      layout_gridville, minmay_temple_entry_gardened_gates, serial_shops,
          nicolae_shop_bloodbath_and_beyond,
          nicolae_shop_temple_entry_statues_fountains, shop, nicolae_shop_stone,
          shop, portal_sewer_entry_e, minmay_bisected
D:5:      layout_basic, kennysheep_little_box, uniq_ijyb
D:6:      layout_basic, amcnicky_altar_gilded, grunt_temple_overflow_open
D:7:      layout_layer_cave, mainiacjoe_overflow_catwalk_spiral,
          enter_ossuary_5, minivault_19, minivault_27, nicolae_underground_beach
D:8:      layout_rooms, lair_entry_dummy, serial_shops,
          nicolae_inconvenience_store, lemuel_flame_loot_1, uniq_joseph,
          uniq_maggie, uniq_maurice

Skill      XL: |  1  2  3  4  5  6  7  8  9 |
---------------+----------------------------+-----
Slings         | 3 |  3.3
Unarmed Combat | 3 4 6 |  6.4
Dodging        | 3 4 |  4.6
Fighting       | 2 3 |  3.8
Stealth        | 1 2 |  2.1
Maces & Flails | 4 5 |  5.3
Shields        | |  0.7

Action                   |  1- 3 |  4- 6 |  7- 9 || total
-------------------------+-------+-------+-------++-------
Melee: Unarmed           |    95 |    60 |    73 ||   228
       Punch             |     1 |       |     2 ||     3
       Giant club        |       |       |    57 ||    57
       Giant spiked club |       |       |   139 ||   139
  Use: Scroll            |     5 |     3 |    11 ||    19
 Stab: Sleeping          |     1 |     1 |     6 ||     8
       Distracted        |       |       |     1 ||     1
Armor: Robe              |    47 |    14 |    83 ||   144
Dodge: Dodged            |    80 |    32 |   198 ||   310
Block: Other             |       |       |    37 ||    37

Table legend: (Time is in decaauts)
 A = Elapsed time spent in this place.
 B = Non-inter-level travel time spent in this place.
 C = Inter-level travel time spent in this place.
 D = Time resting spent in this place.
 E = Time spent auto-exploring this place.
 F = Levels seen in this place.
 G = Mean time per level.
                   A        B        C        D        E       F      G
               +--------+--------+--------+--------+--------+-----+--------+
         Total |   5680 |   5458 |    222 |    264 |   3356 |   9 |  631.1 |
       Dungeon |   5492 |   5270 |    222 |    264 |   3356 |   8 |  686.5 |
       Ossuary |    188 |    188 |      0 |      0 |      0 |   1 |  188.0 |
               +--------+--------+--------+--------+--------+-----+--------+

Top non-repeatable levels by time:
     D:5: 1055 daAuts
     D:7: 1038 daAuts
     D:4: 890 daAuts
     D:3: 772 daAuts
     D:6: 676 daAuts
     D:1: 587 daAuts
     D:2: 454 daAuts
 Ossuary: 188 daAuts
     D:8: 17 daAuts
